 Dungeon Crawl Stone Soup version 0.25-a0-617-g20d90ebb82 (webtiles) character file.

Game seed: 8494384379670017642, levelgen mode: deterministic

123414 Kohma the Peltast (level 16, 0/137 HPs)
             Began as a Yellow Draconian Venom Mage on Mar 18, 2020.
             Was the Champion of Ashenzari.
             Slain by a sixfirhy (14 damage)
             ... on level 3 of the Abyss.
             The game lasted 03:03:53 (45201 turns).

Kohma the Peltast (Yellow Draconian Venom Mage)    Turns: 45201, Time: 03:03:53

Health: 0/137      AC: 14    Str: 16    XL:     16   Next: 36%
Magic:  12/31      EV: 18    Int: 23    God:    Ashenzari [******]
Gold:   81         SH: 15    Dex: 19    Spells: 3/37 levels left

rFire    . . .     SeeInvis +   P - +6 demon trident (freeze) (curse)
rCold    . . .     Gourm    .   H - +1 kite shield {reflect}
rNeg     . . .     Faith    .   (armour unavailable)
rPois    .         Spirit   .   (helmet restricted)
rElec    +         Reflect  +   G - +1 cloak (curse)
rCorr    +         Harm     .   f - +1 pair of gloves (curse)
MR       ++...     Clarity  +   N - +0 pair of boots of the Will of the Gods {+Fly MR+ Str+6 Int-3} (curse)
Stlth    +++.......             (no amulet)
HPRegen  0.32/turn              U - ring "Zituacuc" {+Inv rElec MR- Int+5 Dex+5}
MPRegen  0.22/turn              F - ring of protection from magic (curse)

@: about to teleport
A: spit acid, unfitting armour, acidic bite, cold-blooded, acid resistance, AC
+9
a: Breathe Acid, Curse Item, Scrying, Transfer Knowledge, Renounce Religion,
Evoke Invisibility, Evoke Flight


You were on level 3 of the Abyss.
You worshipped Ashenzari.
Ashenzari was exalted by your worship.
You were not hungry.

You visited 5 branches of the dungeon, and saw 26 of its levels.
You visited the Abyss 1 time.
You also visited: Sewer, Bailey and Ice Cave.

You collected 3373 gold pieces.
You spent 3292 gold pieces at shops.

Inventory:

Hand Weapons
 s - a +0 vampiric demon trident
 P - a cursed +6 demon trident of freezing (weapon)
Missiles
 y - 125 poisoned darts (quivered)
Armour
 f - a cursed +1 pair of gloves (worn)
 G - a cursed +1 cloak (worn)
 H - a +1 kite shield of reflection (worn)
 N - the cursed +0 pair of boots of the Will of the Gods (worn) {+Fly MR+ Str+6 Int-3}
   (You found it in an ice cave)

   It affects your strength (+6).
   It affects your intelligence (-3).
   It affects your resistance to hostile enchantments.
   It lets you fly.
   It has a curse placed upon it.
Jewellery
 o - an uncursed ring of protection from cold
 x - an uncursed ring of positive energy
 B - an uncursed ring of fire
 C - a +4 ring of intelligence
 F - a cursed ring of protection from magic (right hand)
 M - an uncursed ring of poison resistance
 R - the ring of the Imp {*Tele +Fly rElec Str+8 Int-3}
   (You found it on level 4 of the Lair of Beasts)

   [ring of teleportation]

   It may teleport you next to monsters.
   It affects your strength (+8).
   It affects your intelligence (-3).
   It insulates you from electricity.
   It lets you fly.
 U - the ring "Zituacuc" (left hand) {+Inv rElec MR- Int+5 Dex+5}
   (You bought it in a shop on level 1 of the Elven Halls)

   [ring of intelligence]

   It affects your intelligence (+5).
   It affects your dexterity (+5).
   It insulates you from electricity.
   It affects your resistance to hostile enchantments.
   It lets you turn invisible.
Wands
 a - a wand of polymorph (9)
 k - a wand of paralysis (15)
 l - a wand of enslavement (6)
 m - a wand of digging (3)
 n - a wand of acid (25)
 z - a wand of iceblast (14)
 E - a wand of flame (33)
Scrolls
 c - 3 scrolls of remove curse
 g - 6 scrolls of fog
 i - 6 scrolls of magic mapping
 t - 4 scrolls of teleportation
 w - 2 scrolls of blinking
 K - 8 scrolls of identify
 L - a scroll of brand weapon
 Q - a scroll of immolation
 T - a scroll of summoning
 W - a scroll of holy word {unknown}
 X - a scroll of enchant weapon
Potions
 d - 3 potions of brilliance
 e - 7 potions of might
 h - 9 potions of curing
 j - a potion of resistance
 p - 3 potions of haste
 q - 5 potions of flight
 r - a potion of mutation
 u - 2 potions of heal wounds
 v - a potion of ambrosia
 A - a potion of invisibility
 D - 3 potions of lignification
 I - 2 potions of cancellation
 J - a potion of magic
Miscellaneous
 S - a sack of spiders
 V - a phial of floods
Comestibles
 b - 32 rations


   Skills:
 + Level 11.1 Fighting
   Level 3.5 Short Blades
 - Level 9.8(14.1) Polearms
 - Level 4.5(7.4) Dodging
 - Level 1.7(3.9) Stealth
 - Level 15.0 Shields
 - Level 11.1 Spellcasting
 - Level 6.0 Conjurations
 - Level 7.0 Charms
 - Level 3.0 Summonings
 - Level 3.2 Translocations
 + Level 1.9 Transmutations
 - Level 9.0 Fire Magic
 + Level 8.2 Air Magic
 + Level 1.4 Earth Magic
 - Level 7.0 Poison Magic


You had 3 spell levels left.
You knew the following spells:

 Your Spells              Type           Power        Failure   Level  Hunger
a - Deflect Missiles      Chrm/Air       #####.....   34%         6    #####..
b - Poisonous Vapours     Pois/Air       #####.       1%          2    None
c - Ignite Poison         Fire/Tmut/Pois #####...     1%          3    None
d - Olgreb's Toxic Radia  Pois           #####...     2%          4    None
e - Mephitic Cloud        Conj/Pois/Air  #####...     1%          3    None
f - Sticky Flame          Conj/Fire      #####...     2%          4    None
g - Blink                 Tloc           N/A          1%          2    None
h - Summon Lightning Spi  Summ/Air       #####...     4%          4    None
i - Statue Form           Tmut/Erth      ###......    98%         6    #####..

Your spell library contained the following spells:

 Spells                   Type           Power        Failure   Level  Hunger
 Foxfire                  Conj/Fire      ####         1%          1    None
 Magic Dart               Conj           ####         1%          1    None
 Sting                    Tmut/Pois      ####         1%          1    None
 Summon Butterflies       Summ           ####....     1%          1    None
 Conjure Flame            Conj/Fire      #####...     1%          3    None
 Beastly Appendage        Tmut           ###...       2%          1    None
 Call Imp                 Summ           ####....     2%          2    None
 Inner Flame              Hex/Fire       ####....     2%          3    None
 Spider Form              Tmut/Pois      ####......   2%          3    None
 Sticks to Snakes         Tmut           ###.....     3%          2    None
 Call Canine Familiar     Summ           ####....     4%          3    None
 Slow                     Hex            ##......     8%          2    None
 Fireball                 Conj/Fire      #####.....   6%          5    ####...
 Bolt of Magma            Conj/Fire/Erth #####.....   14%         5    ####...
 Summon Ice Beast         Ice/Summ       ###.....     26%         4    None
 Irradiate                Conj/Tmut      ####......   26%         5    ####...
 Silence                  Hex/Air        ####......   26%         5    ####...
 Ice Form                 Ice/Tmut       ###.....     32%         4    None
 Leda's Liquefaction      Hex/Erth       ###.......   36%         4    None
 Conjure Ball Lightning   Conj/Air       #####.....   38%         6    #####..
 Cause Fear               Hex            ##........   45%         4    None
 Blade Hands              Tmut           ###.......   54%         5    ####...
 Summon Mana Viper        Hex/Summ       ###.....     58%         5    ####...
 Yara's Violent Unravell  Hex/Tmut       ###.......   67%         5    ####...
 Freezing Cloud           Conj/Ice/Air   ####......   73%         6    #####..
 Ring of Flames           Chrm/Fire      #####.....   85%         7    #######
 Iron Shot                Conj/Erth      ####......   86%         6    #####..
 Hydra Form               Tmut           ###.......   98%         6    #####..
 Dragon Form              Tmut           ###.......   100%        7    #######
 Summon Hydra             Summ           ####......   100%        7    #######
 Discord                  Hex            ##........   100%        8    #######
 Shatter                  Erth           ###.......   100%        9    #######
 Tornado                  Air            ######....   100%        9    #######


Dungeon Overview and Level Annotations

Branches:
Dungeon (15/15)            Temple (1/1) D:4            Lair (6/6) D:10
 Shoals (0/4) Lair:2        Snake (0/4) Lair:2        Slime (0/5) Lair:6
    Orc (2/2) D:11            Elf (2/3) Orc:2        Vaults (0/5) D:13
 Depths (0/5) D:15          Sewer (visited)          Bailey (visited)
  IceCv (visited)

Altars:
Ashenzari
Cheibriados
Dithmenos
Elyvilon
Fedhas
Gozag
Hepliaklqana
Kikubaaqudgha
Makhleb
Nemelex Xobeh
Okawaru
Qazlal
Ru
Sif Muna
Trog
Uskayaw
Vehumet
Wu Jian
Xom
Yredelemnul
Zin
The Shining One
Beogh
Jiyva

Shops:
D:9 }   Orc:1 !   Orc:2 [!*(:   Elf:1 ((%*(

Portals:
Pandemonium: Orc:2

Annotations:
D:2 1 runed translucent door, Crazy Yiuf
D:15 1 runed translucent door, exclusion: door, Laukis's ghost, veteran GrFi
Orc:2 3 runed translucent doors, exclusion: 3 doors, Zaque's ghost, journeyman DrCj


Innate Abilities, Weirdness & Mutations

You can spit globs of acid.
Your golden yellow scales are hard. (AC +9)
You cannot fit into any form of body armour.
You have acidic saliva.
You are cold-blooded and may be slowed by cold attacks.
You are resistant to acid. (rCorr)


Message History

The sixfirhy hits you.
* * * LOW HITPOINT WARNING * * *
The sixfirhy shocks you. You resist.
* * * LOW HITPOINT WARNING * * *
You block the sixfirhy's attack. The sixfirhy hits you.
* * * LOW HITPOINT WARNING * * *
The sixfirhy shocks you. You resist.
* * * LOW HITPOINT WARNING * * *
You block the sixfirhy's attack.
Press: ? - help, v - describe, . - travel The floor.
Casting: Summon Lightning Spire (safe; 4% risk of failure)
Confirm with . or Enter, or press ? or * to list all spells.
You blink.
You block the sixfirhy's attack. The sixfirhy misses you.
You block the sixfirhy's attack. The sixfirhy barely misses you.
The sixfirhy hits you!
You die...

#....###..,∆'..,., , , *
*, #..#.# #####...*,,* ,
* ....8#** ** . ,* *,* ,
* ....## #### ,,* , , ,,,
.#.## ## * ... ####*** ,
, , ....###.# * #.###8..#
* ....,#.### ###.#.....#
*,, *,, ...
.(.#.###.#.......#* , ,*,
.........E.....3@....#,,
* ,
.,..#..#.#.....###'### *,
* *
.....................,,
,,, * ....
..#........8.8.8..,,,, ,
,
........................,
***,
....#...............# ..,
, ***
......#..∩.#.....#.##
,.*,, * *
......#......#...###* ,
*, *** ,............ ,. *
,, * , *,


You could see an earth elemental and a sixfirhy.

Vanquished Creatures
  Donald (Orc:1)
  Louise (D:14)
  A stone giant (D:11)
  A spark wasp (shapeshifter) (Elf:1)
  6 dire elephants (Lair:6)
  A fire dragon (D:13)
  2 hydras
  Fannar (D:10)
  An anaconda (Lair:6)
  8 two-headed ogres
  4 centaur warriors
  6 death yaks
  A dancing weapon (Elf:2)
  A tengu warrior (D:15)
  Urug (D:10)
  6 orc high priests (Orc:2)
  Nergalle (Lair:3)
  3 deep elf knights
  A shadow wraith (D:13)
  2 unseen horrors
  A torturous demonspawn (Orc:2)
  2 gelid demonspawn (Orc:2)
  5 deep elf archers
  8 orc knights
  33 deep elf magi
  A wolf spider zombie (D:15)
  3 manticores
  6 orc sorcerers (Orc:2)
  10 ugly things (D:15)
  6 cyclopes
  Maurice (D:9)
  14 elephants
  A rust devil (Orc:2)
  5 black mambas
  2 ice statues (IceCv)
  5 gargoyles
  7 spiny frogs
  A torpor snail (Lair:5)
  2 rime drakes
  An orange demon (Orc:2)
  5 komodo dragons
  10 ice devils (IceCv)
  A demonic crawler (Lair:1)
  2 red devils (Orc:2)
  3 polar bears
  A queen bee (Lair:5)
  A troll (shapeshifter) (D:13)
  6 meliai
  4 trolls
  A hornet (Lair:5)
  11 blink frogs
  4 slime creatures (D:13)
  7 hippogriffs
  7 dream sheep (Lair:6)
  A meliai zombie (D:12)
  2 shadows
  An air elemental (Elf:1)
  52 yaks
  Sigmund (D:3)
  6 wyverns
  3 basilisks
  2 water elementals
  A vampire (D:10)
  A fire elemental (Elf:2)
  A hungry ghost (D:15)
  A chaos spawn (Orc:2)
  5 wargs
  2 swamp worms (Lair:1)
  10 water moccasins
  2 acid dragons (D:14)
  13 porcupines
  A soldier ant (D:15)
  32 orc warriors
  An eye of draining (D:14)
  6 ice beasts
  A phantom (D:4)
  4 black bears
  5 sky beasts
  2 necrophages
  14 centaurs
  11 ogres
  15 wolves
  15 crocodiles
  8 big kobolds
  17 bullfrogs
  A gnoll sergeant (D:10)
  An earth elemental (Elf:1)
  2 scorpions
  2 water moccasin skeletons
  7 wights
  33 killer bees
  10 electric eels
  2 centaur zombies
  2 howler monkeys
  3 bullfrog zombies
  8 crimson imps
  8 hounds
  2 lava snakes (D:9)
  A quasit (D:12)
  2 jellies
  30 orc priests
  7 centaur skeletons
  23 orc wizards
  2 bullfrog skeletons
  3 iguanas
  Ijyb (D:5)
  6 worker ants
  A hound zombie (D:6)
  2 worker ant zombies
  16 gnolls
  23 adders
  4 river rats (Sewer)
  5 shadow imps
  8 white imps (IceCv)
  6 ufetubi (IceCv)
  3 oozes
  2 adder skeletons
  3 worms
  A dart slug (D:1)
  10 leopard geckos
  121 orcs
  7 ball pythons
  7 giant cockroaches
  15 goblins
  5 hobgoblins
  6 jackals
  45 kobolds
  5 quokkas
  9 bats
  4 frilled lizards
  3 leopard gecko skeletons
  A leopard gecko zombie (D:8)
  28 rats
  A fungus (D:2)
  8 plants
967 creatures vanquished.

Vanquished Creatures (collateral kills)
  A tengu conjurer (D:15)
  A hungry ghost (D:13)
  An ogre (D:13)
3 creatures vanquished.

Vanquished Creatures (others)
  A fire giant (D:15)
  A reaper (IceCv)
  A centaur warrior (D:15)
  An orc knight (Orc:2)
  A cyclops (D:13)
  A centaur (D:12)
  6 ufetubi (IceCv)
  An orc (Orc:2)
  11 kobolds
  A quokka (D:8)
  2 fire vortices (IceCv)
  50 fungi
  40 plants
117 creatures vanquished.

Grand Total: 1087 creatures vanquished

Notes
Turn   | Place    | Note
-------+----------+-------------------------------------------
     0 | D:1      | Kohma the Draconian Venom Mage began the quest for the Orb.
     0 | D:1      | Reached XP level 1. HP: 14/14 MP: 3/3
   122 | D:1      | Reached XP level 2. HP: 2/20 MP: 0/5
   439 | D:1      | Learned a level 2 spell: Poisonous Vapours
   845 | D:1      | Reached XP level 3. HP: 26/26 MP: 4/6
   850 | D:1      | Learned a level 3 spell: Ignite Poison
  1480 | D:2      | Reached skill level 1 in Air Magic
  1931 | D:2      | Found a snail-covered altar of Cheibriados.
  1941 | D:2      | Found a burning altar of Makhleb.
  1961 | D:2      | Found a runed translucent door.
  1962 | D:2      | Noticed Crazy Yiuf
  1975 | D:2      | Found a blossoming altar of Fedhas.
  1976 | D:2      | Found an ornate altar of the Wu Jian Council.
  2178 | D:2      | Reached XP level 4. HP: 33/33 MP: 4/7
  2442 | D:3      | Noticed Sigmund
  2546 | D:2      | Found an opulent altar of Gozag.
  2546 | D:2      | Found a shattered altar of Ashenzari.
  2559 | D:2      | Became a worshipper of Ashenzari the Shackled
  3068 | D:3      | Reached skill level 1 in Fire Magic
  3176 | D:3      | Noticed an ogre
  3191 | D:3      | Killed an ogre
  3191 | D:3      | Reached XP level 5. HP: 15/38 MP: 3/9
  3485 | D:3      | Killed Sigmund
  3485 | D:3      | Reached skill level 5 in Poison Magic
  3485 | D:3      | Reached XP level 6. HP: 45/45 MP: 0/12
  4313 | D:4      | Learned a level 4 spell: Olgreb's Toxic Radiance
  4317 | D:4      | Learned a level 3 spell: Mephitic Cloud
  4498 | D:4      | Your scales start taking on a golden yellow colour.
  4498 | D:4      | Reached XP level 7. HP: 51/51 MP: 9/14
  4498 | D:4      | Gained mutation: You are resistant to acid. (rCorr) [Yellow
                  | Draconian growth]
  4525 | D:4      | Reached skill level 5 in Spellcasting
  4688 | D:4      | Reached skill level 1 in Fighting
  4801 | D:4      | Found a staircase to the Ecumenical Temple.
  4810 | D:4      | Reached * piety under Ashenzari
  4824 | Temple   | Entered the Ecumenical Temple
  5253 | D:5      | Entered Level 5 of the Dungeon
  5952 | D:5      | Noticed Ijyb
  5959 | D:5      | Killed Ijyb
  6329 | D:5      | Reached XP level 8. HP: 46/60 MP: 2/15
  6421 | D:5      | Learned a level 4 spell: Sticky Flame
  6784 | D:5      | Reached skill level 1 in Conjurations
  7347 | D:6      | Found a glowing drain.
  7351 | Sewer    | Entered a sewer
  7582 | Sewer    | Reached skill level 5 in Fire Magic
  7732 | Sewer    | Reached skill level 5 in Fighting
  8624 | D:6      | Reached skill level 1 in Short Blades
  8732 | D:6      | Reached ** piety under Ashenzari
  8783 | D:6      | Reached XP level 9. HP: 22/70 MP: 8/18
 10351 | D:8      | Noticed a two-headed ogre
 10375 | D:8      | Killed a two-headed ogre
 11048 | D:8      | Noticed a two-headed ogre
 11053 | D:8      | Killed a two-headed ogre
 11053 | D:8      | Reached XP level 10. HP: 79/79 MP: 8/20
 11403 | D:8      | Reached *** piety under Ashenzari
 11911 | D:9      | Noticed Maurice
 11924 | D:9      | Killed Maurice
 11925 | D:9      | Found a sacrificial altar of Ru.
 12567 | D:9      | Found Caeros's Gadget Shoppe.
 12736 | D:9      | Learned a level 2 spell: Blink
 13224 | D:10     | Entered Level 10 of the Dungeon
 13227 | D:10     | Reached skill level 1 in Translocations
 13227 | D:10     | Noticed Fannar
 13341 | D:9      | Reached XP level 11. HP: 64/95 MP: 16/21
 13551 | D:9      | Reached skill level 5 in Conjurations
 13594 | D:10     | Killed Fannar
 13790 | D:10     | Noticed an unseen horror
 13796 | D:10     | Reached skill level 10 in Fighting
 13798 | D:10     | Killed an unseen horror
 13824 | D:10     | Noticed a two-headed ogre
 13968 | D:10     | Found a staircase to the Lair.
 13975 | D:10     | Killed a two-headed ogre
 14147 | D:10     | Identified a scroll of acquirement
 14297 | D:10     | Learned a level 5 spell: Fireball
 14625 | D:10     | Noticed Urug
 14654 | D:10     | Killed Urug
 15306 | D:10     | Reached skill level 1 in Shields
 15702 | D:11     | Found a roughly hewn altar of Beogh.
 15702 | D:11     | Noticed an orc knight
 15708 | D:11     | Killed an orc knight
 15708 | D:11     | Reached skill level 2 in Shields
 16031 | D:11     | Reached skill level 3 in Shields
 16314 | D:11     | Reached skill level 4 in Shields
 16314 | D:11     | Reached XP level 12. HP: 108/108 MP: 8/24
 16454 | D:11     | Reached **** piety under Ashenzari
 16772 | D:11     | Noticed a two-headed ogre
 16778 | D:11     | Killed a two-headed ogre
 16778 | D:11     | Reached skill level 5 in Shields
 17073 | D:11     | Found a staircase to the Orcish Mines.
 17233 | Lair:1   | Entered Level 1 of the Lair of Beasts
 17404 | Lair:1   | Reached skill level 6 in Shields
 18286 | Lair:1   | Reached skill level 7 in Shields
 19429 | Lair:2   | Reached skill level 8 in Shields
 20332 | Lair:2   | Found a staircase to the Snake Pit.
 20462 | Lair:2   | Reached ***** piety under Ashenzari
 20607 | Lair:2   | Found a staircase to the Shoals.
 20836 | Lair:3   | Reached skill level 9 in Shields
 20927 | Lair:3   | Noticed Nergalle
 20944 | Lair:3   | Killed Nergalle
 21833 | Lair:4   | Found a frozen archway.
 21847 | IceCv    | Entered an ice cave
 21862 | IceCv    | Reached XP level 13. HP: 114/114 MP: 4/25
 22518 | IceCv    | Got the cursed pair of boots of the Will of the Gods {+Fly
                  | MR+ Str+6 Int-3}
 22529 | IceCv    | Identified the cursed +0 pair of boots of the Will of the
                  | Gods {+Fly MR+ Str+6 Int-3} (You found it in an ice cave)
 22877 | IceCv    | Learned a level 6 spell: Deflect Missiles
 23108 | IceCv    | Reached skill level 10 in Shields
 23518 | IceCv    | Noticed a reaper
 23558 | IceCv    | Killed a reaper
 24006 | Lair:4   | Reached skill level 1 in Charms
 24100 | Lair:4   | Reached skill level 1 in Polearms
 24471 | Lair:4   | Identified the ring of the Imp {*Tele +Fly rElec Str+8
                  | Int-3}
 27253 | Lair:5   | Reached skill level 11 in Shields
 27939 | Lair:6   | Entered Level 6 of the Lair of Beasts
 28074 | Lair:6   | Reached skill level 5 in Polearms
 28103 | Lair:6   | Gained mutation: You have acidic saliva. [Yellow Draconian
                  | growth]
 28103 | Lair:6   | Reached XP level 14. HP: 27/122 MP: 1/27
 30198 | Lair:6   | Found a viscous altar of Jiyva.
 30199 | Lair:6   | Found a staircase to the Slime Pits.
 30557 | Lair:6   | Reached skill level 12 in Shields
 30889 | Lair:6   | HP: 1/122 [dire elephant (12)]
 31476 | Orc:1    | Entered Level 1 of the Orcish Mines
 31476 | Orc:1    | Found a roughly hewn altar of Beogh.
 31476 | Orc:1    | Noticed a stone giant
 31489 | D:11     | Killed a stone giant
 31627 | Orc:1    | Found Udihue's Distillery.
 31652 | Orc:1    | Reached ****** piety under Ashenzari
 31774 | Orc:1    | Bought a potion of heal wounds for 70 gold pieces
 31774 | Orc:1    | Bought a potion of heal wounds for 70 gold pieces
 31774 | Orc:1    | Bought a potion of ambrosia for 112 gold pieces
 31774 | Orc:1    | Bought 2 potions of invisibility for 224 gold pieces
 31774 | Orc:1    | Bought a potion of heal wounds for 70 gold pieces
 32051 | Orc:2    | Entered Level 2 of the Orcish Mines
 32276 | Orc:2    | Noticed Donald
 32302 | Orc:1    | Killed Donald
 32863 | Orc:2    | Found an iron altar of Okawaru.
 32863 | Orc:2    | Identified the cursed +2 executioner's axe "Fajatotoi"
                  | {flame, *Corrode Str+3 Stlth+}
 32863 | Orc:2    | Identified the +5 demon trident of the Special Coins
                  | {flame, Int+2}
 32863 | Orc:2    | Noticed Zaque's ghost (journeyman DrCj)
 32869 | Orc:2    | Found Guwir's Distillery.
 32869 | Orc:2    | Found Roziskyu's General Store.
 32920 | Orc:2    | Found a staircase to the Elven Halls.
 32932 | Orc:2    | Found Alihy's Armour Shoppe.
 33598 | Orc:2    | Found a runed translucent gate.
 33598 | Orc:2    | Found a runed translucent gate.
 33598 | Orc:2    | Found a runed translucent gate.
 33953 | Orc:2    | Reached skill level 13 in Shields
 34265 | Orc:2    | Found Wysue's Book Shop.
 34265 | Orc:2    | Found Rouxo's Antique Weapon Boutique.
 35791 | Orc:2    | Found a one-way gate leading to the halls of Pandemonium.
 35826 | Orc:2    | Bought a book of Beasts for 605 gold pieces
 35826 | Orc:2    | Bought a book of the Earth for 715 gold pieces
 35826 | Orc:2    | Bought a book of the Sky for 715 gold pieces
 35899 | Orc:2    | Reached XP level 15. HP: 128/128 MP: 12/28
 36555 | Lair:6   | Reached skill level 14 in Shields
 36855 | Lair:6   | Reduced skill Short Blades to level 5
 36933 | Lair:6   | Reached skill level 5 in Charms
 37879 | Orc:2    | Bought a potion of heal wounds for 80 gold pieces
 37879 | Orc:2    | Bought a potion of heal wounds for 80 gold pieces
 38105 | D:12     | Learned a level 4 spell: Summon Lightning Spire
 38572 | D:12     | Reached skill level 1 in Summonings
 39415 | D:13     | Found a gate to the Vaults.
 39499 | D:13     | Found the +0 sword of Power
 40015 | D:14     | Found a flagged portal.
 40028 | Bailey   | Entered a bailey
 40455 | D:14     | Noticed Louise
 40463 | D:14     | Killed Louise
 40463 | D:14     | Reached skill level 5 in Air Magic
 41443 | D:15     | Entered Level 15 of the Dungeon
 41450 | D:15     | Reached skill level 15 in Shields
 41454 | D:15     | Reached skill level 10 in Spellcasting
 41949 | D:15     | Noticed a fire giant
 41959 | D:15     | Killed a fire giant
 42480 | D:15     | Found a staircase to the Depths.
 42673 | D:15     | Found a runed translucent door.
 42673 | D:15     | Noticed a tengu reaver
 42673 | D:15     | Noticed Laukis's ghost (veteran GrFi)
 42868 | Elf:1    | Entered Level 1 of the Elven Halls
 42947 | Elf:1    | Reached XP level 16. HP: 83/136 MP: 7/30
 43575 | Elf:1    | Found Gepli's Antique Weapon Emporium.
 44103 | Elf:1    | Found Quetewnu's Food Boutique.
 44124 | Elf:1    | Found Alef's Antique Weapon Boutique.
 44124 | Elf:1    | Found Ciratwom's Weapon Boutique.
 44175 | Elf:1    | Found Feosuesch's Assorted Antiques.
 44189 | Elf:1    | Bought a scroll labeled LUELEIFY QUAPP for 29 gold pieces
 44189 | Elf:1    | Bought a serpentine silver ring for 145 gold pieces
 44189 | Elf:1    | Identified the ring "Zituacuc" {+Inv rElec MR- Int+5 Dex+5}
                  | (You bought it in a shop on level 1 of the Elven Halls)
 44189 | Elf:1    | Bought a potion of haste for 290 gold pieces
 44189 | Elf:1    | Bought a scroll of remove curse for 87 gold pieces
 44721 | Elf:1    | Learned a level 6 spell: Statue Form
 44938 | Elf:2    | Reached skill level 1 in Earth Magic
 45162 | Elf:2    | Cast into level 3 of the Abyss (+2 morningstar of
                  | distortion)
 45162 | Abyss:3  | Found a corrupted altar of Lugonu.
 45187 | Abyss:3  | HP: 2/137 [earth elemental (31)]
 45201 | Abyss:3  | Slain by a sixfirhy

Levels and vault maps discovered:
D:1:      dpeg_arrival_ternary, layout_basic, minmay_heptomino_o4
D:2:      wad_pebble_path, layout_rooms, nicolae_overflow_hidden_temple,
          overflow_temple_1_default, first_ration, uniq_crazy_yiuf_cottage
D:3:      layout_loops_ring, uniq_sigmund
D:4:      layout_basic, minmay_temple_entry_junction, minmay_starry_boxes
D:5:      cheibrodos_two_vegetables, layout_rooms, minmay_between, uniq_ijyb
D:6:      layout_basic, gup_sewer_entry_bowl
D:7:      layout_rooms
D:8:      layout_loops_corners, grunt_pizzeria, lemuel_old_faithful
D:9:      kennysheep_six_static_rooms, layout_basic, serial_shops,
          nicolae_shop_stone, basic_altar, kennysheep_dice, uniq_maurice
D:10:     layout_basic, due_lair_maze_entry_diamond, uniq_fannar, uniq_urug
D:11:     wander_river, layout_basic, orc_0_dummy, special_room
          [special_room_orc]
D:12:     layout_irregular_city
D:13:     layout_cave_pools, david_vaults_4
D:14:     layout_small_grid, chequers_serial_rivers_micro_d, enter_bailey_3,
          uniq_louise
D:15:     grunt_enter_depths_giant_problem, layout_cross,
          ebering_ghost_inner_flame, chequers_garden
Temple:   compressed_dpeg_circular_temple
Lair:1:   beast_lair_carwin_large_1, layout_regular_city, worms_lemuel,
          serial_bayou_shore_a, grunt_megastairs_1
Lair:2:   layout_big_grid, elwin_shoals_entry_rocks, dummy_snake_entry,
          serial_bayou_lake_a
Lair:3:   layout_loops_ring, chequers_serial_rivers_small_b, uniq_nergalle
Lair:4:   layout_cave_shapes, portal_ice_cave_entry_pillars_1,
          hibernation_bobbens
Lair:5:   minmay_lair_venomous_thicket, layout_cave_pods, special_room
          [special_room_bee], grunt_megastairs_4, serial_bayou_shore_b
Lair:6:   due_jungle_book, layout_cave_pods, slime_altar_1,
          eino_small_chamber_without_monster
Orc:1:    layout_caves, serial_shops, shop, basic_altar
Orc:2:    pf_orc_diabolical, layout_caves, serial_shops, shop,
          gammafunk_ghost_fury_of_okawaru, nicolae_orc_sculptors_studio,
          uniq_donald
Elf:1:    elf_arrival_001, layout_gridlike, serial_shops, shop_statue,
          minivault_28, minmay_shop_grid_forest
Elf:2:    layout_gridlike, grunt_megastairs_5, uniq_agnes
Abyss:3:  base: Orc:2, hangedman_abyss_monster_moat,
          grunt_abyss_rune_wretched_hive

Skill      XL: |  1  2  3  4  5  6  7  8  9 10 11 12 13 14 15 16 |
---------------+-------------------------------------------------+-----
Poison Magic   | 4 5 6 7 |  7.0
Air Magic      | 1 4 7 8 |  8.2
Fire Magic     | 2 4 5 6 8 9 |  9.0
Spellcasting   | 3 4 5 6 7 8 9 10 11 | 11.1
Fighting       | 3 5 6 9 10 11 | 11.1
Conjurations   | 3 4 6 |  6.0
Short Blades   | 1 6 7 6 3 |  3.5
Dodging        | 2 4 |  4.5
Translocations | 1 3 |  3.2
Shields        | 4 9 11 13 15 | 15.0
Charms         | 3 6 7 |  7.0
Polearms       | 5 9 |  9.8
Summonings     | 3 |  3.0
Earth Magic    | 1 |  1.4
Stealth        | |  1.7
Transmutations | |  1.9

Action                   |  1- 3 |  4- 6 |  7- 9 | 10-12 | 13-15 | 16-18 || total
-------------------------+-------+-------+-------+-------+-------+-------++-------
Melee: Dagger            |    67 |    61 |   192 |   300 |   168 |       ||   788
       Tailslap          |     4 |     4 |    20 |    41 |    88 |     4 ||   161
       Demon trident     |       |       |       |       |   487 |    68 ||   555
       Bite              |       |       |       |       |    44 |     8 ||    52
 Cast: Sting             |    16 |    14 |    53 |    40 |       |       ||   123
       Poisonous Vapours |    31 |    37 |    84 |   190 |   398 |    53 ||   793
       Ignite Poison     |       |       |    24 |    69 |   129 |    24 ||   246
       Mephitic Cloud    |       |       |     6 |     4 |    16 |     4 ||    30
       Olgreb's Toxic Ra |       |       |    15 |    32 |    47 |     3 ||    97
       Sticky Flame      |       |       |     4 |    36 |    89 |     2 ||   131
       Fireball          |       |       |       |    14 |    11 |       ||    25
       Blink             |       |       |       |       |     3 |     1 ||     4
       Summon Lightning  |       |       |       |       |     9 |     8 ||    17
Invok: Curse Item        |       |       |     3 |     1 |     1 |       ||     5
       Scrying           |       |       |       |       |     4 |       ||     4
       Transfer Knowledg |       |       |       |       |     1 |       ||     1
 Abil: Breathe Acid      |       |       |       |     1 |     6 |       ||     7
Evoke: Wand              |       |       |       |       |     4 |     1 ||     5
  Use: Scroll            |       |       |    16 |    13 |    14 |     2 ||    45
       Potion            |       |       |       |     3 |    13 |     2 ||    18
 Stab: Sleeping          |       |     1 |     1 |     1 |     2 |       ||     5
       Distracted        |       |       |       |     1 |     1 |       ||     2
       Confused          |       |       |       |       |     4 |       ||     4
  Eat: Chunk             |     6 |     6 |    17 |    33 |    45 |     8 ||   115
       Ration            |       |     1 |     2 |     3 |    10 |       ||    16
Armor: Skin              |    23 |    17 |   100 |   159 |   185 |     8 ||   492
Dodge: Dodged            |    48 |    44 |   132 |   311 |   489 |    24 ||  1048
Block: Kite shield       |       |       |       |       |   276 |    46 ||   322
       Reflection        |       |       |       |       |    54 |     4 ||    58

Table legend:
 A = Non-vault XP
 B = Vault XP
 C = Vault XP percentage of total XP
 D = Non-vault monster count
 E = Vault monster count
 F = Vault count percentage of total count
                 A         B        C        D         E       F
            +---------+---------+-------+---------+---------+-------
      Total |  120541 |   55765 |  31.6 |     650 |     320 |  33.0
            +---------+---------+-------+---------+---------+-------
        D:1 |      47 |       5 |   9.6 |      23 |       4 |  14.8
        D:2 |      46 |       0 |   0.0 |      18 |       0 |   0.0
        D:3 |     175 |     212 |  54.8 |      24 |       1 |   4.0
        D:4 |     346 |       5 |   1.4 |      17 |       2 |  10.5
        D:5 |     429 |     505 |  54.1 |      10 |      13 |  56.5
        D:6 |     750 |       9 |   1.2 |      15 |       4 |  21.1
        D:7 |     575 |       0 |   0.0 |      27 |       0 |   0.0
        D:8 |    3974 |     129 |   3.1 |      46 |       1 |   2.1
        D:9 |    2079 |    1111 |  34.8 |      35 |       7 |  16.7
       D:10 |    5026 |    3249 |  39.3 |      41 |      12 |  22.6
       D:11 |    6269 |    1048 |  14.3 |      33 |      24 |  42.1
       D:12 |    6250 |       0 |   0.0 |      34 |       0 |   0.0
       D:13 |    6883 |    2308 |  25.1 |      25 |       3 |  10.7
       D:14 |    8340 |    1560 |  15.8 |      29 |       5 |  14.7
       D:15 |   11592 |    1356 |  10.5 |      27 |       1 |   3.6
     Lair:1 |    2166 |    2967 |  57.8 |      12 |      18 |  60.0
     Lair:2 |    4622 |       0 |   0.0 |      28 |       0 |   0.0
     Lair:3 |    2755 |     800 |  22.5 |      11 |       1 |   8.3
     Lair:4 |    4246 |     617 |  12.7 |      18 |       3 |  14.3
     Lair:5 |    9295 |    4050 |  30.3 |      31 |      34 |  52.3
     Lair:6 |   21841 |    2811 |  11.4 |      51 |       5 |   8.9
      Orc:1 |    2555 |    1874 |  42.3 |      14 |       1 |   6.7
      Orc:2 |    3269 |   16552 |  83.5 |      51 |      60 |  54.1
      Elf:1 |   10812 |    8639 |  44.4 |      19 |      15 |  44.1
      Elf:2 |    6199 |       0 |   0.0 |      11 |       0 |   0.0
      Sewer |       0 |     431 | 100.0 |       0 |      48 | 100.0
     Bailey |       0 |    1092 | 100.0 |       0 |      32 | 100.0
      IceCv |       0 |    4435 | 100.0 |       0 |      26 | 100.0
            +---------+---------+-------+---------+---------+-------
